 Dungeon Crawl Stone Soup version 0.30.1-4-g462c640d31 (webtiles) character file.

Game seed: 17597893198279398550

20 blessed the Ruffian (level 2, 0/24 HPs)
             Began as a Troll Wanderer on Aug 28, 2023.
             Slain by a gnoll
             ... wielding a +0 club
              (2 damage)
             ... on level 3 of the Dungeon.
             The game lasted 00:06:18 (687 turns).

blessed the Ruffian (Troll Wanderer)                 Turns: 687, Time: 00:06:19

Health: 0/24       AC:  4    Str: 19    XL:     2   Next: 58%
Magic:  2/2        EV:  9    Int: 10    God:
Gold:   60         SH:  5    Dex:  7    Spells: 2/3 levels left

rFire   . . .        i - +0 whip
rCold   . . .        (no shield)
rNeg    . . .        e - +0 robe
rPois   .            (helmet restricted)
rElec   .            (no cloak)
rCorr   .            (gloves unavailable)
SInv    .            (boots unavailable)
Will    .....        h - amulet of reflection
Stlth   +            f - ring of flight
HPRegen 1.04/turn    (no ring)
MPRegen 0.08/turn

%: reflection
@: flying
A: large, unfitting armour, claws 3, regeneration 1, shaggy fur 1, tough skin 1
a: no special abilities


You were on level 3 of the Dungeon.
You visited 1 branch of the dungeon, and saw 3 of its levels.

You collected 60 gold pieces.

Inventory:

Hand Weapons
 a - a +0 club
 i - a +0 whip (weapon)
Armour
 e - a +0 robe (worn)
 m - a +0 buckler
 n - a +0 ring mail
Jewellery
 f - a ring of flight (left claw)
 h - an amulet of reflection (around neck)
Scrolls
 b - a scroll of enchant weapon
 j - a scroll of fear {unknown}
 k - 2 scrolls of identify {unknown}
Potions
 g - a potion of curing {unknown}
Miscellaneous
 c - a piece from Xom's chessboard (14/15)


   Skills:
 + Level 0.7 Maces & Flails
 + Level 1.0 Throwing
 + Level 1.0 Dodging
 + Level 1.0 Stealth
 + Level 3.3 Unarmed Combat
 + Level 1.1 Spellcasting
 + Level 1.5 Transmutations
 + Level 1.1 Evocations


You had 2 spell levels left.
You knew the following spells:

 Your Spells              Type           Power      Damage    Failure   Level
a - Beastly Appendage     Tmut           6%         N/A       19%         1

Your spell library contained the following spells:

 Spells                   Type           Power      Damage    Failure   Level
 Cigotuvi's Dreadful Rot  Necr/Pois/Air  0%         N/A       45%         2
 Spider Form              Tmut/Pois      2%         N/A       58%         3
 Ignite Poison            Fire/Tmut/Pois 1%         N/A       63%         3
 Freezing Cloud           Conj/Ice/Air   0%         6-21      100%        5


Dungeon Overview and Level Annotations

Branches:
Dungeon (3/15)

Altars:


Innate Abilities, Weirdness & Mutations

You are too large for most types of armour.
You have claws for hands.
Your natural rate of healing is unusually fast.
You are covered in fur. (AC +1)
You have tough skin. (AC +1)


Message History

You closely miss the ball python.
You feel very sick.
The gnoll shouts! x2
The bat hits you. The bat closely misses you.
The ball python closely misses you.
You hit the ball python but do no damage.
You feel sick. The bat hits you but does no damage. The bat closely misses you.
The ball python closely misses you. You block the ball python's attack.
The bat attacks as you move away! The bat hits you but does no damage.
You feel sick. The bat hits you but does no damage. The bat barely misses you.
The ball python bites you.
You feel sick. The bat hits you but does no damage. The bat barely misses you.
The bat hits you but does no damage. You block the ball python's attack.
The gnoll hits you with a +0 club.
* * * LOW HITPOINT WARNING * * *
You feel sick. The bat completely misses you.
The ball python bites you but does no damage.
The gnoll closely misses you.
You feel sick. You block the bat's attack.
The bat hits you but does no damage. x2
You feel sick. The bat closely misses you. The bat hits you but does no damage.
The ball python barely misses you.
You feel sick.
You are no longer poisoned.
You block the bat's attack. The bat barely misses you.
The gnoll hits you but does no damage. You block the bat's attack.
The bat hits you but does no damage.
You closely miss the bat. The bat closely misses you.
The bat barely misses you. The gnoll hits you with a +0 club.
* * * LOW HITPOINT WARNING * * *
The gnoll hits you with a +0 club.
* * * LOW HITPOINT WARNING * * *
The ball python barely misses you.
You barely miss the bat. You block the bat's attack.
The bat hits you but does no damage. x2; The gnoll barely misses you.
You block the gnoll's attack. The ball python bites you.
* * * LOW HITPOINT WARNING * * *
You closely miss the bat. The bat closely misses you.
You block the bat's attack. The ball python barely misses you.
The gnoll hits you with a +0 club.
You die...

#.....?.. ...
#.......
...##......#
...........##### .
.....$.<......##..
#..........##.....
#.##.b....†.......
##g..†.$...###.
#@gg.<.....#
#.bS##..##.##
.<..........#.#
#..#.#.........#
.............?..#
................#
...###............
.. #.............
#..........##.


You could see 3 gnolls, 2 bats and a ball python.

Vanquished Creatures
  A worm (D:3)
  A bat (D:2)
  An endoplasm (D:1)
  A giant cockroach (D:2)
  A goblin (D:1)
  3 hobgoblins
  3 jackals (D:2)
  2 ball pythons
  A frilled lizard (D:1)
  A rat (D:1)
15 creatures vanquished.

Notes
Turn   | Place    | Note
-------+----------+-------------------------------------------
     0 | D:1      | blessed the Troll Wanderer began the quest for the Orb.
     0 | D:1      | blessed set off with the following items: a +0 club, a
                  | potion of berserk rage, a piece from Xom's chessboard
                  | (15/15), a scroll of teleportation, a +0 robe, a scroll of
                  | blinking; and the following spell memorised: Beastly
                  | Appendage; and the following spells available to memorise:
                  | Spider Form.
     0 | D:1      | Reached XP level 1. HP: 16/16 MP: 1/1
   338 | D:2      | Reached XP level 2. HP: 24/24 MP: 2/2
   686 | D:3      | HP: 1/24 [ball python (2)]
   687 | D:3      | Slain by a gnoll

Illustrated notes

Levels and vault maps discovered:
D:1:      dpeg_arrival_refuge, layout_basic, nrook_campfire, minmay_door_square
D:2:      layout_basic
D:3:      layout_rooms, jmf_multi_god_temple, uniq_terence

Action                     || total
---------------------------++-------
  Melee: Whip              ||    82
         Club              ||     7
         Kick              ||     1
         Punch             ||     1
   Cast: Beastly Appendage ||     3
  Evoke: Piece from Xom's  ||     1
    Use: Scroll            ||     5
         Potion            ||     1
 Armour: Robe              ||    85
  Dodge: Dodged            ||   118
  Block: Other             ||    37
         Reflection        ||     1
